 Dungeon Crawl Stone Soup version 0.20-a0-792-g09bcfd3 (webtiles) character file.

537 nono the Chucker (level 7, -4/37 HPs)
             Began as a Vine Stalker Hunter on Feb 28, 2017.
             Shot with an arrow by a centaur (10 damage)
             ... on level 5 of the Dungeon.
             The game lasted 00:07:30 (910 turns).

nono the Chucker (Vine Stalker Hunter)               Turns: 910, Time: 00:07:31

Health: -4/37      AC:  4    Str: 22    XL:     7   Next: 25%
Magic:  0/8        EV: 12    Int: 11    God:
Gold:   33         SH:  0    Dex: 14    Spells: 6/6 levels left

rFire    . . .     SeeInvis .   a - +0 short sword
rCold    . . .     Gourm    .   b - +0 leather armour
rNeg     . . .     Faith    .   (no shield)
rPois    .         Spirit   +   (no helmet)
rElec    .         Reflect  .   (no cloak)
rCorr    .         Harm     .   (no gloves)
MR       .....                  j - +0 pair of boots
Stlth    ++........             (no amulet)
Regen    0.6/turn               (no ring)
MPRegen  0.2/turn               (no ring)

@: mighty
A: fangs 2, regeneration 1, magic shield, antimagic bite, no potion heal 3, rot
immunity
a: no special abilities


You were on level 5 of the Dungeon.
You were not hungry.

You visited 1 branch of the dungeon, and saw 5 of its levels.

You collected 33 gold pieces.

Inventory:

Hand Weapons
 a - a +0 short sword (weapon)
Missiles
 k - a javelin (quivered)
Armour
 b - a +0 leather armour (worn)
 j - a +0 pair of boots (worn)
Jewellery
 d - an uncursed ring of ice
Scrolls
 e - 2 scrolls of teleportation {unknown}
 g - a scroll of blinking {unknown}
 h - a scroll of fog {unknown}
 l - 4 scrolls of identify {unknown}
Potions
 i - a potion of might
 m - 2 potions of curing {unknown}
 n - a potion of heal wounds {unknown}
Comestibles
 c - a royal jelly
 f - 2 bread rations


   Skills:
 + Level 4.1 Fighting
 + Level 3.3 Short Blades
 - Level 5.7 Throwing
 - Level 1.5 Dodging
 - Level 1.2 Stealth


You had 6 spell levels left.
You didn't know any spells.

Dungeon Overview and Level Annotations

Branches:
Dungeon (5/15)
 Temple: D:4-7

Altars:
Ashenzari
Nemelex Xobeh

Shops:
D:4 [*[

Annotations:
D:4 removefoulstench's ghost, amateur DsWn


Innate Abilities, Weirdness & Mutations

You have extremely sharp teeth.
Your natural rate of healing is unusually fast.
When hurt, damage is shared between your health and your magic reserves.
Your bite disrupts and absorbs the magic of your enemies.
Potions cannot restore your health.
You are immune to rotting.


Message History

* * * LOW HITPOINT WARNING * * *
The phantom blinks!
Throwing (i - inventory):
k - a javelin (quivered)
Press: ? - help, Shift-Dir - straight line, f - phantom
Aim: a phantom (almost destroyed)
You throw a javelin. The javelin hits the phantom!!
You destroy the phantom!
Your Fighting skill increases to level 4!
k - a javelin A centaur comes into view.
There is a stone staircase leading down here.
The centaur shouts!
The centaur wields a shortbow.
The centaur shoots an arrow.
The arrow hits you!
* * * LOW HITPOINT WARNING * * *
There is a stone staircase leading up, spattered with blood here.
You see here an arrow.
The centaur shoots an arrow.
The arrow closely misses you.
The centaur shoots an arrow.
The arrow closely misses you.
The centaur shoots an arrow.
The arrow hits you!
You die...

## #### # .. ..# .#
#.###.##.###.
#...)........
#..##..#####
#..##..####### #
#.............
#.##c######.##..#######
#.....@.....##..#######
####....<>(............
############.#..)...
#.#.##### #.# # #.# #
#.#.# #.#.# ######.(.#


You could see a centaur.

Vanquished Creatures
  An ogre (D:4)
  A phantom (D:5)
  A howler monkey (D:4)
  2 hounds (D:5)
  3 orc wizards (D:4)
  A bullfrog skeleton (D:4)
  3 worker ants (D:4)
  A worker ant zombie (D:5)
  A gnoll (D:5)
  2 adders
  An ooze (D:2)
  3 leopard geckos
  12 orcs (D:4)
  A bat (D:2)
  2 goblins (D:2)
  A ball python (D:2)
  2 frilled lizards (D:4)
  2 kobolds (D:2)
  A quokka skeleton (D:3)
  2 rats
43 creatures vanquished.

Notes
Turn   | Place    | Note
-------+----------+-------------------------------------------
     0 | D:1      | nono the Vine Stalker Hunter began the quest for the Orb.
     0 | D:1      | Reached XP level 1. HP: 11/11 MP: 2/2
    30 | D:2      | Reached skill level 4 in Throwing
    30 | D:2      | Reached XP level 2. HP: 15/15 MP: 3/3
    98 | D:2      | Found a faded altar of an unknown god.
   291 | D:2      | Found a sparkling altar of Nemelex Xobeh.
   358 | D:4      | Reached XP level 3. HP: 13/18 MP: 4/4
   376 | D:4      | Reached skill level 5 in Throwing
   376 | D:4      | Gained mutation: Your natural rate of healing is unusually fast. [Vine Stalker growth]
   376 | D:4      | Reached XP level 4. HP: 18/23 MP: 5/5
   506 | D:4      | Found Tegust's Armour Shoppe.
   518 | D:4      | Reached XP level 5. HP: 26/26 MP: 4/6
   545 | D:4      | Reached skill level 1 in Short Blades
   558 | D:4      | Found Wenumiro's Assorted Antiques.
   729 | D:4      | Found Vibriada's Armour Emporium.
   749 | D:4      | Reached XP level 6. HP: 20/32 MP: 4/7
   830 | D:4      | Found a shattered altar of Ashenzari.
   833 | D:4      | Noticed removefoulstench's ghost (amateur DsWn)
   841 | D:5      | Entered Level 5 of the Dungeon
   841 | D:5      | Noticed a phantom
   886 | D:5      | Reached XP level 7. HP: 20/37 MP: 8/8
   910 | D:5      | Shot with an arrow by a centaur

Vault maps used:
D:1:      onia_arrival_mini_spirals, minmay_hexomino_u4
D:2:      lemuel_doored_altar, nemelex_altar_shiori,
          chequers_ecumenical_altar_grove
D:3:      elyvilon_altar_3, first_bread, uniq_jessica, uniq_grinder,
          uniq_crazy_yiuf_cottage, uniq_sigmund, uniq_robin
D:4:      evilmike_ruin_ashenzari, serial_shops, nicolae_shop_waterfront, shop,
          shop_statue, kennysheep_mini, kennysheep_small_circle
D:5:      grunt_temple_overflow_diamond, gup_sewer_entry_bubbles, basic_altar,
          minmay_bent, uniq_prince_ribbit1

Skill      XL: |  1  2  3  4  5  6  7 |
---------------+----------------------+-----
Throwing       | 4 5 |  5.7
Fighting       | 2 3 4 |  4.1
Short Blades   | 1 2 3 |  3.3
Dodging        | |  1.5
Stealth        | |  1.2

Action                   |  1- 3 |  4- 6 |  7- 9 || total
-------------------------+-------+-------+-------++-------
Melee: Short sword       |    21 |    70 |     8 ||    99
       Bite              |     6 |    19 |     1 ||    26
Throw: Javelin           |    23 |    27 |     1 ||    51
       Throwing net      |     2 |     3 |       ||     5
  Use: Potion            |       |     2 |       ||     2
 Stab: Sleeping          |     1 |       |       ||     1
       Held in net/web   |       |     1 |       ||     1
Armor: Leather armour    |     8 |    15 |     1 ||    24
Dodge: Dodged            |    32 |    45 |     4 ||    81
